 Dungeon Crawl Stone Soup version 0.25.0-9-g26727b657a (webtiles) character file.

Game seed: 3994617685537215732

555 Delamore the Cudgeler (level 7, 0/41 HPs)
             Began as a Gargoyle Fighter on June 17, 2020.
             Was an Initiate of Okawaru.
             Slain by an ogre
             ... wielding a +0 giant spiked club
              (18 damage)
             ... on level 5 of the Dungeon.
             The game lasted 00:03:30 (3402 turns).

Delamore the Cudgeler (Gargoyle Fighter)            Turns: 3402, Time: 00:03:30

Health: 0/41       AC: 12    Str: 22    XL:     7   Next: 30%
Magic:  7/7        EV:  9    Int:  8    God:    Okawaru [......]
Gold:   195        SH:  5    Dex: 15    Spells: 6/6 levels left

rFire    . . .     SeeInvis .   g - +2 mace (drain)
rCold    . . .     Gourm    .   t - +0 buckler
rNeg     + . .     Faith    .   b - +0 scale mail
rPois    ∞         Spirit   .   a - +0 helmet
rElec    +         Reflect  .   (no cloak)
rCorr    .         Harm     .   (no gloves)
MR       .....                  (no boots)
Stlth    ..........             h - amulet of the acrobat
HPRegen  0.13/turn              p - ring of wizardry
MPRegen  0.10/turn              u - +6 ring of dexterity

@: no status effects
A: negative energy resistance 1, electricity resistance, unbreathing,
petrification resistance, rot immunity, AC +4
a: Renounce Religion


You were on level 5 of the Dungeon.
You worshipped Okawaru.
Okawaru was noncommittal.
You were very hungry.

You visited 1 branch of the dungeon, and saw 5 of its levels.

You collected 195 gold pieces.

Inventory:

Hand Weapons
 g - a +2 mace of draining (weapon)
Armour
 a - a +0 helmet (worn)
 b - a +0 scale mail (worn)
 c - a +0 kite shield
 t - a +0 buckler (worn)
Jewellery
 h - an amulet of the acrobat (around neck)
 p - a ring of wizardry (left hand)
 u - a +6 ring of dexterity (right hand)
Wands
 w - a wand of acid (11)
Scrolls
 j - a scroll of random uselessness {unknown}
 k - 2 scrolls of teleportation {unknown}
 n - 2 scrolls of blinking {unknown}
 q - a scroll of immolation {unknown}
 r - 2 scrolls of remove curse {unknown}
 s - 2 scrolls of magic mapping {unknown}
 y - a scroll of identify {unknown}
 z - a scroll of enchant weapon {unknown}
 A - a scroll of amnesia {unknown}
Potions
 d - a potion of might
 e - 2 potions of resistance {unknown}
 i - 2 potions of flight {unknown}
 l - 2 potions of stabbing {unknown}
 m - 2 potions of brilliance {unknown}
 o - a potion of haste {unknown}
 v - a potion of curing {unknown}
 x - a potion of heal wounds {unknown}
Comestibles
 f - 6 rations


   Skills:
 - Level 3.5 Fighting
 + Level 7.6 Maces & Flails
 - Level 3.4 Armour
 - Level 3.4 Shields


You had 6 spell levels left.
You didn't know any spells.
Your spell library contained the following spells:

 Spells                   Type           Power        Failure   Level  Hunger
 Magic Dart               Conj           #...         43%         1    ##.....
 Searing Ray              Conj           #.....       56%         2    ###....
 Dazzling Flash           Conj/Hex       #.....       78%         3    ####...
 Fulminant Prism          Conj/Hex       #.........   99%         4    #####..
 Iskenderun's Mystic Bla  Conj/Tloc      #.......     99%         4    #####..


Dungeon Overview and Level Annotations

Branches:
Dungeon (5/15)
 Temple: D:4-7

Altars:
Fedhas
Kikubaaqudgha
Makhleb
Okawaru
Qazlal
Xom


Innate Abilities, Weirdness & Mutations

You are resistant to torment.
Your stone body is resilient. (AC +4)
You are immune to poison.
You resist negative energy. (rN+)
You are resistant to electric shocks. (rElec)
You can survive without breathing.
You are immune to petrification.
You are immune to rotting.


Message History

The worker ant bites you but does no damage.
The orc hits you with a +0 flail.
You sock the worker ant! You drain the worker ant.
You kill the worker ant!
Okawaru accepts your kill.
The ogre hits you with a +0 giant spiked club!
The orc closely misses you.
You are too injured to fight recklessly!
You are too injured to fight recklessly!
You are too injured to fight recklessly!
You are too injured to fight recklessly!
You are too injured to fight recklessly!
You are too injured to fight recklessly!
You are too injured to fight recklessly!
You are too injured to fight recklessly!
You are too injured to fight recklessly!
You are too injured to fight recklessly!
There is a stone staircase leading up here.
The ogre hits you with a +0 giant spiked club!!
You die...

..........#
#.........#
#.........#
#.........#
#.........##
#.).........
#....)......
#..o.)...[..
##@O.....#..
##.....##
#######


You could see an ogre and an orc.

Vanquished Creatures
  Sigmund (D:2)
  An ogre (D:4)
  A bullfrog (D:3)
  A hound (D:4)
  2 worker ants
  7 adders
  3 oozes
  2 worms (D:2)
  A dart slug (D:2)
  A leopard gecko (D:2)
  4 orcs
  8 goblins
  10 hobgoblins
  4 jackals
  2 quokkas
  6 bats
  5 frilled lizards
  12 kobolds
  15 rats
86 creatures vanquished.

Notes
Turn   | Place    | Note
-------+----------+-------------------------------------------
     0 | D:1      | Delamore the Gargoyle Fighter began the quest for the Orb.
     0 | D:1      | Reached XP level 1. HP: 14/14 MP: 1/1
    73 | D:1      | Reached XP level 2. HP: 17/19 MP: 2/2
   723 | D:1      | Reached XP level 3. HP: 23/23 MP: 3/3
   883 | D:1      | Reached skill level 3 in Maces & Flails
  1025 | D:2      | Noticed Sigmund
  1037 | D:2      | Killed Sigmund
  1037 | D:2      | Reached skill level 5 in Maces & Flails
  1037 | D:2      | Reached XP level 4. HP: 10/28 MP: 4/4
  1037 | D:2      | Reached XP level 5. HP: 11/32 MP: 5/5
  1338 | D:2      | Reached XP level 6. HP: 35/37 MP: 6/6
  1648 | D:3      | Reached skill level 6 in Maces & Flails
  1945 | D:3      | Found a burning altar of Makhleb.
  1945 | D:3      | Found a stormy altar of Qazlal.
  1949 | D:3      | Found a shimmering altar of Xom.
  2667 | D:4      | Reached skill level 7 in Maces & Flails
  2667 | D:4      | Reached XP level 7. HP: 41/41 MP: 7/7
  2721 | D:3      | Found an iron altar of Okawaru.
  2721 | D:3      | Found an ancient bone altar of Kikubaaqudgha.
  2738 | D:3      | Became a worshipper of Warmaster Okawaru
  2916 | D:4      | Found a blossoming altar of Fedhas.
  3388 | D:5      | Entered Level 5 of the Dungeon
  3402 | D:5      | Slain by an ogre

Illustrated notes

Levels and vault maps discovered:
D:1:      scummos_arrival_forest, layout_basic
D:2:      layout_rooms, first_ration, uniq_sigmund
D:3:      layout_loops_cross, nicolae_overflow_hidden_temple, minmay_quantized
D:4:      layout_basic, fedhas_altar_1
D:5:      layout_rooms, uniq_pikel

Skill      XL: |  1  2  3  4  5  6 |
---------------+-------------------+-----
Maces & Flails | 5 7 |  7.6
Fighting       | |  3.5
Armour         | |  3.4
Shields        | |  3.4

Action                   |  1- 3 |  4- 6 |  7- 9 || total
-------------------------+-------+-------+-------++-------
Melee: Flail             |     9 |       |       ||     9
       Mace              |    80 |   126 |    13 ||   219
  Eat: Chunk             |       |     5 |     2 ||     7
Armor: Scale mail        |    33 |    49 |     9 ||    91
Dodge: Dodged            |    28 |    56 |     4 ||    88
Block: Kite shield       |    42 |    39 |       ||    81
       Buckler           |       |     7 |     2 ||     9
